[Event "*** Titled Tuesday Blitz"]
[Site "Chess.com"]
[Date "2021.02.16"]
[Round "4"]
[White "Kapibara_Warri0r"]
[Black "MF1966Idrisov"]
[Result "0-1"]
[WhiteElo "2164"]
[BlackElo "2372"]
[TimeControl "180+1"]
[EndTime "10:42:33 PST"]
[Termination "MF1966Idrisov won by resignation"]

1. e4 c5 2. Nf3 Nc6 3. d4 cxd4 4. Nxd4 Nf6 5. Nc3 g6 6. Be3 Bg7 7. f3 O-O 8. g4 Qb6 9. Qd2 Nxe4 10. fxe4 Bxd4 11.
Bxd4 Qxd4 12. O-O-O Qxd2+ 13. Rxd2 d6 14. h3 Be6 15. Bb5 Ne5 16. Rf1 Rfc8 17. a3 a6 18.
Be2 b5 19. Nd1 Rc7 20. Ne3 Rac8 21. c3 h6 22. Kb1 Kg7 23. Ng2 Nc4 24. Bxc4 Bxc4 25.
Re1 f6 26. Nf4 Bf7 27. Re3 Rc5 28. Nd3 Rc4 29. Nb4 a5 30. Nc2 R4c5 31. Nd4 Rb8 32. b4 axb4 33. axb4 Rc7 34. Kb2 Ra7 35. Kc2 Ra2+ 36.
Kd1 Ra1+ 37. Ke2 Bc4+ 38. Kf2 Rba8 39. Nc6 Kf7 40. Na5 Rc8 41. Kg3 Rc1 42. Rf2 Be6 43. Rff3 Rc7 44. Rd3 g5 45. Rde3 Rc8 46. Rd3 h5 47.
Rde3 hxg4 48. hxg4 Rh8 49. Rf2 Rh4 50. e5 Rxg4+ 51. Kh2 dxe5 52. Rxe5 Rxc3 53. Nb7 Rh4+ 54. Kg2 Bh3+ 55. Kh2 Bc8+ 0-1

[Event "*** Titled Tuesday Blitz"]
[Site "Chess.com"]
[Date "2021.02.16"]
[Round "4"]
[White "Hercog"]
[Black "MerryPoppies"]
[Result "1-0"]
[WhiteElo "2361"]
[BlackElo "2176"]
[TimeControl "180+1"]
[EndTime "10:42:34 PST"]
[Termination "Hercog won on time"]

1. d4 d5 2. c4 e5 3. dxe5 d4 4. Nf3 Nc6 5. Nbd2 Nge7 6. Nb3 Ng6 7. Nbxd4 Ngxe5 8. Nxe5 Nxe5 9. e3 c5 10. Nb5 Qb6 11.
Be2 Bd7 12. O-O Nxc4 13. Bxc4 Bxb5 14. Bxb5+ Qxb5 15. Qg4 Qd7 16. Qe4+ Be7 17. b3 O-O 18. Bb2 Rad8 19. h3 f5 20. Qc4+ Qd5 21. Rfd1 Qxc4 22. bxc4 Rxd1+ 23. Rxd1 Rd8 24. Rxd8+ Bxd8 25. Kf1 Kf7 26. Be5 a6 27. a4 Bf6 28. Bd6 b6 29.
Bc7 Be7 30. Bxb6 Ke6 31. Ke2 Ke5 32. Ba5 g5 33. Kd3 f4 34. g4 fxe3 35. fxe3 Bd6 36. Bc3+ Ke6 37. Ke4 Bc7 38. Bg7 Bg3 39. Bh6 Kf6 40.
Kd5 Bf2 41. e4 Bd4 42. Bf8 1-0

[Event "*** Titled Tuesday Blitz"]
[Site "Chess.com"]
[Date "2021.02.16"]
[Round "4"]
[White "rachidhuilda"]
[Black "abeljusto"]
[Result "1-0"]
[WhiteElo "2271"]
[BlackElo "2028"]
[TimeControl "180+1"]
[EndTime "10:42:34 PST"]
[Termination "rachidhuilda won by resignation"]

1. d4 Nf6 2. Bg5 d5 3. Bxf6 exf6 4. e3 Bd6 5. g3 O-O 6. Bg2 c6 7. Ne2 f5 8. O-O Nd7 9. Nd2 Nf6 10. c4 dxc4 11. Nxc4 Bc7 12. Qc2 g6 13. b4 Be6 14. Rab1 a6 15. a4 Rc8 16. Rfd1 Bd5 17.
Qd3 Ne4 18. Nc3 Nxc3 19. Qxc3 Bxg2 20. Kxg2 Qd5+ 21. Kg1 h5 22. Qd3 h4 23. Qf1 Kg7 24. Nd2 Rh8 25. Qg2 Qxg2+ 26. Kxg2 hxg3 27. hxg3 Bd6 28. b5 cxb5 29. axb5 a5 30. b6 Rc2 31. Rb5 Bb4 32. Nb3 Rb2 33. Nxa5 Rc8 34. Nxb7 Rb8 35. Nc5 Bc3 36. Rxb2 Bxb2 37. Rb1 Ba3 38. b7 Kf6 39. Nd7+ Ke7 40. Nxb8 Bd6 41. Na6 Kd7 42. b8=Q Bxb8 43.
Rxb8 Kc6 44. Rf8 Kb7 45. Rxf7+ Kxa6 46. Rf6+ Kb5 47. Rxg6 Kc4 48. Rf6 1-0

[Event "*** Titled Tuesday Blitz"]
[Site "Chess.com"]
[Date "2021.02.16"]
[Round "4"]
[White "swisspower96"]
[Black "NikolaN98"]
[Result "1-0"]
[WhiteElo "2635"]
[BlackElo "2465"]
[TimeControl "180+1"]
[EndTime "10:42:35 PST"]
[Termination "swisspower96 won by resignation"]

1. d4 e6 2. c4 f5 3. Nf3 Nf6 4. g3 Be7 5. Bg2 O-O 6. O-O d6 7. Nc3 a5 8. Qc2 Nc6 9. a3 e5 10. d5 Nb8 11. e4 fxe4 12. Nxe4 Nxe4 13. Qxe4 Nd7 14. Be3 Qe8 15. Qc2 Qh5 16. Qd1 Nf6 17. Nd2 Bg4 18. f3 Bd7 19. b4 Qg6 20. Qe2 h5 21. f4 Ng4 22. fxe5 Nxe3 23. Qxe3 Bg5 24. Qc3 axb4 25. axb4 Rxa1 26. Rxa1 dxe5 27. Ne4 h4 28.
Rf1 hxg3 29. Rxf8+ Kxf8 30. Qxg3 Bf5 31. Nxg5 Kg8 32.
h4 e4 33. Qe5 e3 34. Qxe3 Bd7 35. c5 Qf6 36. c6 bxc6 37. dxc6 Bxc6 38. Qe6+ Qxe6 39.
Nxe6 Bd7 40. Nxc7 Kf7 41. b5 Ke7 42. b6 Kd6 43. Na6 Bc8 44. b7 Bxb7 45. Bxb7 Ke5 46. Kg2 Kf4 47. Kh3 g5 48. h5 g4+ 49. Kh4 g3 50. h6 g2 51. Bxg2 1-0

[Event "*** Titled Tuesday Blitz"]
[Site "Chess.com"]
[Date "2021.02.16"]
[Round "4"]
[White "NemtsevIgor"]
[Black "stolencandy13"]
[Result "1-0"]
[WhiteElo "2380"]
[BlackElo "2488"]
[TimeControl "180+1"]
[EndTime "10:42:35 PST"]
[Termination "NemtsevIgor won by checkmate"]

1. d4 Nf6 2. Bf4 d5 3. e3 c5 4.
c3 Nc6 5. Nd2 Qb6 6. Qb3 c4 7.
Qc2 Bg4 8. e4 e6 9. Be2 Bxe2 10.
Nxe2 Be7 11. O-O O-O 12. Rae1 Nxe4 13. Nxe4 dxe4 14. Qxe4 Bf6 15. Bd6 Rfd8 16. Ba3 Qc7 17. f4 Ne7 18. Bxe7 Qxe7 19. f5 exf5 20. Qxf5 Re8 21.
Nf4 Qxe1 22. Rxe1 Rxe1+ 23. Kf2 Rae8 24. g3 a6 25. Kg2 b5 26. Nd5 R1e2+ 27. Kh3 Bd8 28.
Qd7 R2e6 29. Nf4 Rh6+ 30. Kg2 Rf8 31. d5 Bg5 32. d6 f5 33. Nd5 f4 34. Ne7+ Kh8 35.
gxf4 Bxf4 36. Nf5 Rg6+ 37. Kh3 Rg5 38. Ne7 Re5 39. Qc6 Re3+ 40. Kg4 Bh6 41. d7 Rxe7 42. Qc8 Rf7 43. d8=Q Rf4+ 44. Kg3 g6 45. Qdd7 Rf3+ 46. Kg4 Rf7 47. Qxf7 Bg7 48. Qfxf8+ Bxf8 49. Qxf8# 1-0

[Event "*** Titled Tuesday Blitz"]
[Site "Chess.com"]
[Date "2021.02.16"]
[Round "4"]
[White "platy3"]
[Black "Krakozia"]
[Result "0-1"]
[WhiteElo "2843"]
[BlackElo "2707"]
[TimeControl "180+1"]
[EndTime "10:42:36 PST"]
[Termination "Krakozia won by checkmate"]

1. e4 c5 2. Nf3 d6 3. d4 cxd4 4.
Nxd4 Nf6 5. Nc3 a6 6. Bg5 Nbd7 7. Qe2 h6 8. Bh4 g6 9. f4 e5 10. fxe5 dxe5 11. O-O-O Qc7 12. Nb3 b5 13. Nd5 Nxd5 14.
exd5 Bd6 15. Nd2 Bb7 16. Ne4 f5 17. Nxd6+ Qxd6 18. g4 f4 19. Bg2 O-O 20. g5 h5 21.
Bf2 Kg7 22. Bh3 Rae8 23. Be6 Rxe6 24. dxe6 Qxe6 25. Rhe1 e4 26. Qd2 Rf7 27. Bd4+ Kh7 28. b3 e3 29. Qb4 Qf5 30. Bb2 Qxg5 31. Kb1 Nf6 32. Rd6 Kh6 33. Rxf6 Rxf6 34. Qe7 Qh4 35.
Rc1 Qxh2 36. Bxf6 h4 37. Qg7+ Kh5 38. Qh7+ Kg4 39. Qxg6+ Kf3 40. Qh5+ Kg3 41. Qg5+ Kf3 42. Be5 Be4 43. Qh5+ Kg3 44. Qh6 Kf3 45. Rf1+ Ke2 46. Rxf4 Kd2 47. Rxe4 Qh1+ 48. Kb2 Qc1# 0-1

[Event "*** Titled Tuesday Blitz"]
[Site "Chess.com"]
[Date "2021.02.16"]
[Round "4"]
[White "Nils_03"]
[Black "kleopl"]
[Result "1-0"]
[WhiteElo "2350"]
[BlackElo "2458"]
[TimeControl "180+1"]
[EndTime "10:42:36 PST"]
[Termination "Nils_03 won by resignation"]

1. e4 c6 2. Nc3 d5 3. Nf3 a6 4.
h3 Nf6 5. e5 Ne4 6. Bd3 Nc5 7.
Be2 Bf5 8. O-O d4 9. Nb1 d3 10. cxd3 Bxd3 11. Nc3 e6 12. b4 Bxe2 13. Qxe2 Nd3 14.
a3 Be7 15. Ne1 Nxe1 16. Rxe1 O-O 17. d3 Qd4 18. Bb2 Rd8 19. Rad1 a5 20. Ne4 Qd7 21. Nf6+ gxf6 22. exf6 Bd6 23. Qg4+ Kf8 24. Re5 Ke8 25. Rde1 Bf8 26. Rxe6+ fxe6 27. Qh5+ Qf7 28. Rxe6+ Kd7 29. Qxf7+ Kc8 30. Re8 Nd7 31. Rxd8+ Kxd8 32. Bc3 axb4 33.
Bxb4 Bxb4 34. axb4 Ra1+ 35. Kh2 Rd1 36. Qc4 Ke8 37.
Qe6+ Kd8 38. Qe7+ Kc8 39. f7 Rxd3 40. Qxd7+ Kxd7 41. f8=Q Rd6 42. Qf5+ Kc7 43. Qxh7+ Kb6 44. Qc2 Rd5 45. h4 Kc7 46. Qh7+ Kb6 47. h5 Rd4 48. Qe7 Rd5 49. g4 Ka7 50. h6 Rd2 51. Kg2 Rd3 52. h7 1-0

[Event "*** Titled Tuesday Blitz"]
[Site "Chess.com"]
[Date "2021.02.16"]
[Round "4"]
[White "Anton_Demchenko"]
[Black "lagedema"]
[Result "1-0"]
[WhiteElo "2901"]
[BlackElo "2564"]
[TimeControl "180+1"]
[EndTime "10:42:38 PST"]
[Termination "Anton_Demchenko won on time"]

1. e4 c6 2. d4 d5 3. Nd2 dxe4 4. Nxe4 Bf5 5. Ng3 Bg6 6. N1e2 e6 7. Nf4 Bd6 8. Ngh5 Kf8 9. c3 Nf6 10. Be2 Nbd7 11.
g3 Qc7 12. O-O Rd8 13. Qb3 e5 14. dxe5 Nxe5 15. Be3 b6 16. Nxf6 gxf6 17. Nh5 Be7 18. Bh6+ Kg8 19. Rad1 Nd3 20. c4 Qe5 21. Bxd3 Qxh5 22.
Be3 Kg7 23. Qc3 Qh3 24. Rfe1 Rhe8 25. Bf1 Qf5 26. Rxd8 Rxd8 27. Bxb6 axb6 28. Rxe7 Rd1 29. Re1 Qb1 30. Rxd1 Qxd1 31. f4 c5 32. a3 Be4 33.
Kf2 h5 34. h3 h4 35. g4 Kf8 36.
Be2 Qh1 37. Qxf6 Qg2+ 38. Ke1 Bf3 39. Bxf3 Qxf3 40. Qh8+ Ke7 41. Qxh4+ Kd7 42. Qf2 Qxh3 43. g5 1-0

[Event "*** Titled Tuesday Blitz"]
[Site "Chess.com"]
[Date "2021.02.16"]
[Round "4"]
[White "vaishali2001"]
[Black "Mr_Sinigami"]
[Result "0-1"]
[WhiteElo "2577"]
[BlackElo "2663"]
[TimeControl "180+1"]
[EndTime "10:42:38 PST"]
[Termination "Mr_Sinigami won by resignation"]

1. e4 d5 2. exd5 Nf6 3. d4 Nxd5 4. c4 Nb6 5. Nc3 e5 6. Qe2 Be7 7. dxe5 O-O 8. Nf3 Nc6 9. Bd2 Be6 10. Qe4 g6 11. O-O-O Bf5 12. Qf4 Nb4 13. Be3 Qc8 14.
a3 a5 15. c5 Na4 16. Nxa4 Na2+ 17. Kd2 Rd8+ 18. Ke1 Rxd1+ 19. Kxd1 Qd7+ 20. Ke1 Rd8 21. Be2 Bd3 22. e6 Qxe6 23. Bxd3 Rxd3 24. Ke2 Qa6 25.
Ke1 Rd8 26. Ne5 Qe6 27. Qc4 Qxe5 28. Qxa2 Qe4 29. Nc3 Qxg2 30. Rf1 Bh4 31. Qc4 Qh3 32.
Qe2 Qf5 33. Rg1 Bf6 34. Rg3 Bxc3+ 35. Kf1 Be5 36. Rf3 Qe6 37. Kg2 Qd5 38. Kg1 Qe4 39. h3 a4 40. Kg2 Rd5 41. c6 bxc6 42.
Kg1 Rb5 43. Kf1 Rxb2 44. Qd1 Rb1 45. Bc1 Bb2 46. Re3 Qxe3 47. fxe3 Rxc1 0-1

[Event "*** Titled Tuesday Blitz"]
[Site "Chess.com"]
[Date "2021.02.16"]
[Round "4"]
[White "Witik"]
[Black "LiemLe"]
[Result "0-1"]
[WhiteElo "2771"]
[BlackElo "2986"]
[TimeControl "180+1"]
[EndTime "10:42:39 PST"]
[Termination "LiemLe won by resignation"]

1. d4 Nf6 2. Bf4 d5 3. e3 c5 4. c3 Nc6 5. Nd2 Qb6 6. Qb3 Bf5 7.
dxc5 Qxb3 8. axb3 e5 9. Bg3 Bxc5 10. Ngf3 Nd7 11. b4 Bd6 12. Be2 f6 13. O-O Kf7 14.
Rfd1 Rhd8 15. e4 dxe4 16. Nxe4 Be7 17. Bc4+ Kf8 18. Nd6 Bxd6 19. Rxd6 Nb6 20. Rxd8+ Rxd8 21. Bb5 Be4 22. Ne1 a6 23. Bf1 Bd5 24. Nd3 Nd7 25. f3 Bc4 26. Bf2 Ke7 27. Rb1 Ndb8 28. Nc5 Bxf1 29. Kxf1 b6 30. Ne4 b5 31. Ke2 Nd7 32. Ra1 Ra8 33. Be3 a5 34. g4 Ra6 35. Bc5+ Ke6 36. Rd1 Ncb8 37. Rd3 axb4 38. Bxb4 Ra1 39. Rd6+ Kf7 40. Rd3 Rh1 41. Ke3 Rxh2 42. Nc5 Nxc5 43. Bxc5 Rxb2 44. Rd6 Rb3 45. Bb4 Kg6 46. Kd3 Rb1 47.
Rb6 Nd7 48. Rxb5 h5 49. Ra5 hxg4 50. fxg4 Kg5 51. Ra7 Kxg4 52. Rxd7 Rd1+ 53. Ke4 Rxd7 0-1

[Event "*** Titled Tuesday Blitz"]
[Site "Chess.com"]
[Date "2021.02.16"]
[Round "4"]
[White "L1m96"]
[Black "DJojua"]
[Result "1-0"]
[WhiteElo "2543"]
[BlackElo "2755"]
[TimeControl "180+1"]
[EndTime "10:42:39 PST"]
[Termination "L1m96 won on time"]

1. e4 c5 2. Nf3 e6 3. d4 cxd4 4.
Nxd4 a6 5. Bd3 Nf6 6. O-O e5 7. Nb3 Nc6 8. Nc3 d6 9. f4 Be7 10.
Qf3 O-O 11. Kh1 b5 12. a4 b4 13. Nd5 exf4 14. Bxf4 Ne5 15. Nxe7+ Qxe7 16. Qe3 h6 17. Nd4 Re8 18. Rae1 Nh5 19. Nf5 Bxf5 20. Bxe5 dxe5 21. Rxf5 Nf4 22. Bc4 Ne6 23. Ref1 f6 24. b3 Kh8 25. h3 Nd4 26. Rh5 Rf8 27. Rxh6+ gxh6 28. Qxh6+ Qh7 29. Qe3 a5 30. Bd3 Ra7 31. Rf2 Rg7 32.
Kh2 Qg6 33. Be2 Nxc2 34. Qf3 Nd4 35. Qe3 Rfg8 36. Bf1 Rc8 37. Bc4 Rxc4 38. bxc4 b3 39. c5 Rc7 40. Qc3 Rc6 41. Qxa5 Qg5 42. Qd8+ Kg7 43.
Qd7+ Kh6 44. Qe8 Qg6 45. Qh8+ Qh7 46. Rxf6+ Rxf6 47. Qxf6+ Qg6 48. Qxe5 1-0

[Event "*** Titled Tuesday Blitz"]
[Site "Chess.com"]
[Date "2021.02.16"]
[Round "4"]
[White "A-S-00"]
[Black "Balla_Tamas"]
[Result "0-1"]
[WhiteElo "2294"]
[BlackElo "2450"]
[TimeControl "180+1"]
[EndTime "10:42:39 PST"]
[Termination "Balla_Tamas won on time"]

1. d4 g6 2. c4 Bg7 3. Nc3 d6 4. Nf3 Nf6 5. e4 O-O 6. Be2 Nbd7 7. O-O e5 8. Re1 Re8 9. d5 Nc5 10. Bf1 a5 11. b3 Rf8 12. Ba3 b6 13. Nd2 Ne8 14.
Qc2 f5 15. f3 f4 16. Bb2 g5 17. a3 h5 18. b4 Nb7 19. Be2 g4 20. Nf1 Qg5 21.
Nb5 Rf7 22. Qd3 Bf8 23. Rac1 Rg7 24. Bd1 h4 25. Nc3 h3 26. Qd2 gxf3 27. Bxf3 hxg2 28. Bxg2 f3 29. Qxg5 Rxg5 30. Ng3 fxg2 31. Kxg2 axb4 32. axb4 Bh6 33. Rc2 Nf6 34. Rf2 Ng4 35. Rf3 Bd7 36. h3 Rg6 37. hxg4 Bxg4 38. Rf2 Bf4 39. Rg1 Be3 40. Rgf1 Bxf2 41. Rxf2 Bd7 42. Bc1 Rf8 43. Be3 Rxf2+ 44. Kxf2 Nd8 45. Nge2 Nf7 46. c5 dxc5 47.
bxc5 bxc5 48. Bxc5 Nd6 49. Ke3 Rh6 50. Kd3 Rh3+ 51. Kc2 Bg4 52. Nc1 Bf3 53. Kb3 Nxe4 0-1

[Event "*** Titled Tuesday Blitz"]
[Site "Chess.com"]
[Date "2021.02.16"]
[Round "4"]
[White "davigator"]
[Black "Stewie_89"]
[Result "0-1"]
[WhiteElo "2367"]
[BlackElo "2613"]
[TimeControl "180+1"]
[EndTime "10:42:40 PST"]
[Termination "Stewie_89 won by checkmate"]

1. e4 d5 2. exd5 Qxd5 3. Nc3 Qa5 4. Bc4 Nf6 5. Nge2 g6 6. d3 c6 7. Bd2 Qc7 8. Bf4 e5 9. Bg3 Nh5 10. Qd2 Bg7 11. O-O-O O-O 12. Kb1 b5 13. Bb3 Nxg3 14. hxg3 a5 15. a3 b4 16. Na4 c5 17. Qe3 Na6 18. Bc4 Bd7 19. b3 bxa3 20. Nec3 e4 21. dxe4 Nb4 22. f4 a2+ 23. Kb2 Bxa4 24. bxa4 Rab8 25.
Bb5 Rfd8 26. e5 f6 27. Nxa2 fxe5 28. Qb3+ Kh8 29. c3 exf4 30. gxf4 Qxf4 31. Ka3 Nxa2 32. Kxa2 Qf2+ 33. Qb2 Qf6 34. g4 c4 35. Rdf1 Qxc3 36.
Qxc3 Bxc3 37. Rh2 Bg7 38. Rc2 c3 39. Rf7 Rd4 40. Kb3 Rb4+ 41. Ka3 Rxg4 42. Ra7 Bf8+ 43. Kb3 Rb4+ 44. Kxc3 Rc8+ 45. Kd3 Rb3+ 46. Kd2 Bh6+ 47.
Kd1 Rb1+ 48. Ke2 Rxc2+ 49. Kd3 Rc8 50. Rxa5 Rd1+ 51. Ke2 Rd2+ 52. Kf3 Rc3+ 53. Ke4 Rd8 54. Ra7 Bg7 55. a5 Rd4# 0-1

[Event "*** Titled Tuesday Blitz"]
[Site "Chess.com"]
[Date "2021.02.16"]
[Round "4"]
[White "PawnEatingZombie"]
[Black "Kanthecarowin"]
[Result "1/2-1/2"]
[WhiteElo "2140"]
[BlackElo "2334"]
[TimeControl "180+1"]
[EndTime "10:42:42 PST"]
[Termination "Game drawn by repetition"]

1. d4 Nf6 2. c4 e6 3. Nc3 d5 4. cxd5 exd5 5. Bg5 Be7 6. e3 Nbd7 7. Bd3 c6 8. Qc2 O-O 9. Nge2 Re8 10. f3 Nf8 11. O-O h6 12. Bh4 b5 13. Kh1 Be6 14. Bf2 Rc8 15.
e4 dxe4 16. fxe4 a5 17. e5 Nd5 18. a3 b4 19. Ne4 bxa3 20. bxa3 Qb6 21. Rfb1 Qc7 22.
Nc5 Bxc5 23. Qxc5 Nd7 24. Qc2 c5 25. dxc5 Nxc5 26. Bb5 Qxe5 27. Bxe8 Ne4 28. Bd4 Qh5 29. Qd3 Rxe8 30. Rf1 Bg4 31. Nf4 Nxf4 32. Rxf4 Be2 33. Qe3 Qd5 34. Re1 Bd3 35. Qg1 f5 36. Be3 Qa2 37. Bc1 g5 38. Rfxe4 fxe4 39. Qd4 Qc4 40. Bb2 Qxd4 41. Bxd4 Rc8 42. a4 Rc2 43. Be3 Kf7 44. h4 Ke6 45. hxg5 hxg5 46. Bxg5 Kd5 47. Be3 Kc4 48.
Bb6 Kb3 49. Ra1 Ra2 50. Rxa2 Kxa2 51. Bxa5 Ka3 52. Bb6 Kxa4 53. Be3 Kb5 54. Kg1 Kc4 55.
Kf2 Kc3 56. g4 Kc2 57. g5 Kd1 58. g6 Bc4 59. g7 Bg8 60. Kg3 Kc2 61. Kf4 Kd3 62.
Bc1 Bh7 63. Be3 Bg8 64. Bc5 Bh7 65. Be3 Bg8 1/2-1/2

[Event "*** Titled Tuesday Blitz"]
[Site "Chess.com"]
[Date "2021.02.16"]
[Round "4"]
[White "Sergey85Rodchenkov"]
[Black "Godzillator"]
[Result "1/2-1/2"]
[WhiteElo "2488"]
[BlackElo "2275"]
[TimeControl "180+1"]
[EndTime "10:42:43 PST"]
[Termination "Game drawn by repetition"]

1. e4 c6 2. d4 d5 3. exd5 cxd5 4.
c4 Nf6 5. Nc3 e6 6. Nf3 Bb4 7. Bg5 Qa5 8. Rc1 Ne4 9. Bd2 Nxd2 10.
Qxd2 dxc4 11. Bxc4 O-O 12. O-O Nc6 13. Qf4 Qh5 14. Ne4 Rd8 15. Rfd1 Bd7 16. Ng3 Qg6 17. Bd3 Qf6 18. Qe4 g6 19. Bc4 Rac8 20. h4 b6 21. Qe3 Na5 22. Ne4 Qg7 23. Ba6 Rxc1 24. Rxc1 Bc6 25.
Ne5 Bd5 26. a3 Bf8 27. b4 Nb7 28. Rc7 Bxe4 29. Qxe4 Nd6 30. Qf4 Qh6 31. Qxh6 Bxh6 32.
g3 Bg7 33. Rxa7 Bxe5 34. dxe5 Nf5 35. Be2 Rd2 36. Bg4 Nd4 37. Kg2 h5 38. Bf3 Rd3 39. Be4 Rb3 40. Rd7 Nb5 41. Rb7 Nxa3 42. Rxb6 Nc4 43.
Rb8+ Kg7 44. f4 Nd2 45. Bc6 Rb2 46. b5 Nc4+ 47. Kf3 Rb3+ 48. Ke4 Rxg3 49. b6 Na5 50.
Ba8 Rg4 51. b7 Rxh4 52. Rd8 Nxb7 53. Bxb7 g5 54. Rd7 Rxf4+ 55. Ke3 h4 56. Bf3 Rf5 57. Ke4 Rf4+ 58. Ke3 Rf5 59. Ke4 Rf4+ 60. Ke3 1/2-1/2

[Event "*** Titled Tuesday Blitz"]
[Site "Chess.com"]
[Date "2021.02.16"]
[Round "4"]
[White "alejogarcia1999"]
[Black "Vuk2000"]
[Result "0-1"]
[WhiteElo "2499"]
[BlackElo "2693"]
[TimeControl "180+1"]
[EndTime "10:42:44 PST"]
[Termination "Vuk2000 won by resignation"]

1. Nf3 e6 2. g3 Nf6 3. Bg2 d5 4. O-O Be7 5. c4 O-O 6. d3 d4 7. e3 c5 8. exd4 cxd4 9. Bg5 Nc6 10. a3 a5 11. Nbd2 e5 12. Re1 Qc7 13. Bxf6 Bxf6 14. c5 Be6 15. Ne4 Be7 16. Nfg5 Bd5 17. Rc1 h6 18. Nf3 f5 19. Ned2 Bf6 20. Nh4 Bxg2 21. Nxg2 Rad8 22. Nc4 Qf7 23. Nd6 Qd5 24. Nxf5 Bg5 25.
Nd6 Bxc1 26. Qxc1 b6 27. Ne4 b5 28. Nh4 Qf7 29. Rf1 Qh5 30. Ng2 Qf3 31. Ne1 Qe2 32. Qb1 Rf7 33. Ng2 Rdf8 34. Re1 Qg4 35. Rf1 Rd7 36. b4 axb4 37. axb4 Qe6 38. f4 Ra7 39. fxe5 Rxf1+ 40. Qxf1 Nxe5 41. Nf4 Qg4 42. Qb1 Qf3 43. Qb3+ Kh7 44. Qb1 Ng4 45. h3 Ne3 46. c6 g5 47. Qb2 gxf4 48. gxf4 Ra1+ 0-1

[Event "*** Titled Tuesday Blitz"]
[Site "Chess.com"]
[Date "2021.02.16"]
[Round "4"]
[White "Fighter008"]
[Black "kamilianin235"]
[Result "0-1"]
[WhiteElo "2570"]
[BlackElo "2194"]
[TimeControl "180+1"]
[EndTime "10:42:44 PST"]
[Termination "kamilianin235 won by resignation"]

1. e4 c5 2. Nf3 d6 3. d4 cxd4 4. Nxd4 Nf6 5. Nc3 Nc6 6. f3 e5 7. Nb3 Be6 8. Be3 d5 9. exd5 Nxd5 10. Nxd5 Qxd5 11. Qxd5 Bxd5 12. O-O-O O-O-O 13. Bd3 Be7 14. Rhe1 Rhe8 15. Bf5+ Kb8 16. Nc5 g6 17. Bd7 Bxc5 18.
Bxe8 Bxe3+ 19. Rxe3 Rxe8 20. Rxd5 Kc7 21. c3 f6 22. f4 Re7 23. fxe5 Nxe5 24. Kc2 Re6 25. b4 Ra6 26. Kb3 Kc6 27. Rd8 b5 28. Rf8 Kd7 29. Re4 Nc4 30. Rf7+ Kd8 31. a4 Nd2+ 32. Kc2 Nxe4 33.
axb5 Rb6 34. Rxa7 Rxb5 35. Rxh7 g5 36. Rf7 Rf5 37. Kb3 Ke8 38. Ra7 Rf2 39. b5 Rxg2 40. c4 Rxh2 41. Kb4 Rh1 42. b6 Rb1+ 43. Ka5 Kd8 44.
Ra8+ Kd7 45. Ka6 Ra1+ 46. Kb7 Nc5+ 47. Kb8 Rxa8+ 48. Kxa8 Kc6 49. Ka7 g4 0-1

[Event "*** Titled Tuesday Blitz"]
[Site "Chess.com"]
[Date "2021.02.16"]
[Round "4"]
[White "StockholmMissile"]
[Black "EugeneRougon"]
[Result "0-1"]
[WhiteElo "2517"]
[BlackElo "2735"]
[TimeControl "180+1"]
[EndTime "10:42:45 PST"]
[Termination "EugeneRougon won on time"]

1. d4 d6 2. Nf3 g6 3. e4 Nf6 4.
Nbd2 Bg7 5. Bb5+ c6 6. Bd3 O-O 7. O-O Qc7 8. a4 e5 9. dxe5 dxe5 10. a5 Nbd7 11. c3 Nc5 12. Bc2 Rd8 13. Qe2 Nh5 14. Nc4 Bg4 15. h3 Be6 16. Bg5 Nf4 17. Bxf4 exf4 18. Rfd1 h6 19. Nd4 Qe7 20. f3 Qg5 21. Kh1 Qh4 22. Nxe6 Nxe6 23. Nd6 Rd7 24. Bb3 Rad8 25. Nc4 Ng5 26. Rxd7 Rxd7 27. e5 Nxh3 28. gxh3 Qxh3+ 29. Kg1 Bf8 30. Nd6 Bxd6 31. exd6 Rxd6 32. Rd1 Qg3+ 33. Kf1 Qh3+ 34. Qg2 Rxd1+ 35. Bxd1 Qd7 36.
Bc2 Kg7 37. Qe2 Qd5 38. b4 h5 39. Qd3 Qe5 40. Qd4 Kf6 41. Qxe5+ Kxe5 42. Ke2 h4 43.
Kf2 f5 44. Bb3 g5 45. Bd1 Kd5 46. Be2 c5 47. b5 b6 48. Bd3 Ke5 0-1

[Event "*** Titled Tuesday Blitz"]
[Site "Chess.com"]
[Date "2021.02.16"]
[Round "4"]
[White "ZiggyStardust64"]
[Black "Eloist"]
[Result "1-0"]
[WhiteElo "2582"]
[BlackElo "2408"]
[TimeControl "180+1"]
[EndTime "10:42:45 PST"]
[Termination "ZiggyStardust64 won on time"]

1. c4 e5 2. Nc3 Nf6 3. Nf3 Nc6 4. e4 Bb4 5. d3 d6 6. a3 Bc5 7. b4 Bb6 8. Na4 Bg4 9. Nxb6 axb6 10. Bb2 O-O 11. Be2 Re8 12. O-O Nd7 13. Nd4 Bxe2 14. Nxe2 Rf8 15. Ng3 Nd4 16. Bxd4 exd4 17. f4 Qf6 18.
Qg4 Rfd8 19. Nf5 g6 20. Ng3 Kh8 21. Rf2 c6 22. Ne2 b5 23. cxb5 cxb5 24. Rff1 Nb6 25. f5 g5 26. Rfc1 Rdc8 27. Qg3 Na4 28. Qf2 Nc3 29.
Ng3 h6 30. Kf1 Qe5 31. Rc2 d5 32. exd5 Nxd5 33. Re2 Ne3+ 34. Kg1 Rc3 35. Rd2 Rcxa3 36.
Re1 Ra1 37. Re2 Rxe1+ 38. Rxe1 Ra3 39. Qe2 Rb3 40. Rc1 Rxb4 41. Rc8+ Kh7 42. Rc1 Rb3 43. Rd1 b4 44. Re1 Rc3 45. f6 Rc2 46. Qxc2 Nxc2 47.
Rxe5 Kg6 48. Rb5 Kxf6 49. Ne4+ Ke6 50. Rxb7 1-0

[Event "*** Titled Tuesday Blitz"]
[Site "Chess.com"]
[Date "2021.02.16"]
[Round "4"]
[White "ferdipy"]
[Black "ukchessbomber"]
[Result "1-0"]
[WhiteElo "2346"]
[BlackElo "2456"]
[TimeControl "180+1"]
[EndTime "10:42:45 PST"]
[Termination "ferdipy won on time"]

1. e4 h5 2. d4 d5 3. exd5 Qxd5 4. c4 Qd8 5. Nc3 g6 6. Nf3 Bg7 7. Bg5 c6 8. Bd3 Nd7 9. O-O Ngf6 10. Qe2 O-O 11. Rad1 b6 12. Ne5 Bb7 13. h3 c5 14.
dxc5 Nxe5 15. Qxe5 Nh7 16. Qe3 bxc5 17. Bxe7 Qb6 18. Bxc5 Qxb2 19. Bxf8 Rxf8 20. Nd5 Qxa2 21. Qe7 Bc8 22. Qc5 Be6 23. Ne7+ Kh8 24. Qd6 Bxc4 25. Bb1 Qa5 26. Rfe1 Qg5 27. f4 Qg3 28. f5 Qxd6 29.
Rxd6 g5 30. Bd3 Bxd3 31. Rxd3 Nf6 32. Ra1 Nd5 33. Rxa7 Nf4 34. Rda3 Bd4+ 35. Kh2 Bxa7 36. Rxa7 Kg7 37. Ra6 Rd8 38. f6+ Kh7 39. Ra5 Kh6 40. Nf5+ Kg6 41. h4 Rd2 42. Ne3 Re2 43. Rxg5+ Kh7 44.
Nf5 Re6 45. Rg7+ Kh8 46. Rxf7 Re2 47. Rg7 Ne6 48. Rg3 Re5 49. Nh6 Re4 50. Kh3 Nf4+ 51. Kh2 Ne6 52. f7 Rxh4+ 53. Kg1 Rf4 54. Rg6 1-0

[Event "*** Titled Tuesday Blitz"]
[Site "Chess.com"]
[Date "2021.02.16"]
[Round "4"]
[White "Murad_Ibrahimli"]
[Black "JoakimVonAnd"]
[Result "0-1"]
[WhiteElo "2829"]
[BlackElo "2558"]
[TimeControl "180+1"]
[EndTime "10:42:46 PST"]
[Termination "JoakimVonAnd won by resignation"]

1. d4 Nf6 2. c4 c5 3. d5 b5 4. Qc2 g6 5. e4 d6 6. cxb5 Bg7 7.
Nc3 a6 8. a4 O-O 9. Nf3 e6 10.
dxe6 fxe6 11. e5 Nd5 12. exd6 Qxd6 13. Be2 Bb7 14. O-O Nb4 15. Qb1 Nd7 16. Rd1 Qc7 17. Be3 Ne5 18. Ng5 Qe7 19. Nge4 Rac8 20. bxa6 Nxa6 21. Nb5 Rcd8 22. Ned6 Bd5 23. f4 Nc6 24. Nc4 Nab4 25. Nc3 Nd4 26. Bf1 Ba8 27. Bf2 Ndc2 28. Rxd8 Rxd8 29. Nb5 Nxa1 30. Qxa1 Qf6 31. Qe1 Nd3 32. Bxd3 Rxd3 33. Ne5 Rd8 34. Nc7 Bb7 35. Ng4 Qe7 36. Nb5 Bd5 37. h3 h5 38. Ne5 Qf6 39.
Qe3 Bh6 40. g3 h4 41. Nc3 hxg3 42. Bxg3 Ba8 43. Ng4 Qg7 44. Qxe6+ Kh7 45. Nxh6 Kxh6 46.
Qe7 Qxe7 47. Bh4 Qxh4 0-1

[Event "*** Titled Tuesday Blitz"]
[Site "Chess.com"]
[Date "2021.02.16"]
[Round "4"]
[White "noblerone"]
[Black "tylityli"]
[Result "1-0"]
[WhiteElo "2408"]
[BlackElo "2217"]
[TimeControl "180+1"]
[EndTime "10:42:46 PST"]
[Termination "noblerone won by resignation"]

1. d4 Nf6 2. Nf3 d5 3. Bg5 Ne4 4. Bf4 c5 5. e3 Nc6 6. c3 e6 7. Nbd2 Nxd2 8. Qxd2 Bd6 9. Bg3 O-O 10. Be2 h6 11.
Rd1 a6 12. O-O Bxg3 13. hxg3 c4 14. Qc2 f5 15. b3 b5 16. a4 Bd7 17. Ra1 cxb3 18.
Qxb3 Na5 19. Qb4 bxa4 20. Ne5 Nb3 21. Ra2 Qc7 22. Qe7 Ra7 23. c4 Bc8 24. Qxc7 Rxc7 25. cxd5 exd5 26. Rxa4 Nd2 27. Rfa1 Ne4 28. Bxa6 Bxa6 29.
Rxa6 Rc2 30. R6a2 Rfc8 31. Rxc2 Rxc2 32. Rf1 Nd2 33. Rd1 Ne4 34. Nd3 Kf7 35. Nf4 Kg8 36.
Nxd5 Rxf2 37. Rf1 Rxf1+ 38. Kxf1 Nxg3+ 39. Kf2 Ne4+ 40. Kf3 Kf7 41. g4 fxg4+ 42. Kxe4 g5 43. Nc3 h5 44. Kd3 h4 45. Ke2 g3 46. Kf3 Ke6 47. e4 g4+ 48. Kg2 Kd6 49. e5+ Ke6 50. Ne2 Kf5 51. Nxg3+ Ke6 52. Ne4 Kd5 53. Nf2 g3 54. Nh3 Ke6 55. Nf4+ Kd7 56. Ne2 Ke6 57. Nxg3 hxg3 58. Kxg3 Kd5 59. Kf4 1-0